 Dungeon Crawl Stone Soup version 0.31-a0-187-gba352fbbf7 (webtiles) character file.

Game seed: 8490646227359248204

81 qw the Shooter (level 4, -4/25 HPs)
             Began as a Deep Elf Hunter on June 22, 2023.
             Killed from afar by Ijyb (5 damage)
             ... with a bolt of light
             ... on level 3 of the Dungeon.
             The game lasted 00:00:35 (1571 turns).

qw the Shooter (Deep Elf Hunter)                    Turns: 1571, Time: 00:00:36

Health: -4/25      AC:  6    Str: 10    XL:     4   Next: 19%
Magic:  6/6        EV: 11    Int: 14    God:
Gold:   71         SH:  0    Dex: 18    Spells: 3/3 levels left

rFire   . . .        Y - +0 shortbow (flame)
rCold   . . .        (shield currently unavailable)
rNeg    . . .        k - +0 ring mail
rPois   .            i - +0 helmet
rElec   .            (no cloak)
rCorr   +            (no gloves)
SInv    .            (no boots)
Will    .....        (no amulet)
Stlth   +            f - ring of resist corrosion
HPRegen 0.24/turn    (no ring)
MPRegen 0.10/turn

%: no passive effects
@: no status effects
A: no striking features
a: no special abilities


You were on level 3 of the Dungeon.
You visited 1 branch of the dungeon, and saw 3 of its levels.

You collected 163 gold pieces.
You spent 92 gold pieces at shops.


   Skills:
 - Level 1.5 Fighting
 + Level 7.6 Ranged Weapons
 - Level 2.4 Dodging
 - Level 1.2 Stealth


You had 3 spell levels left.
You didn't know any spells.
Your spell library was empty.

Inventory:

Hand Weapons
 Y - a +0 shortbow of flaming (weapon)
Armour
 i - a +0 helmet (worn)
 k - a +0 ring mail (worn)
Jewellery
 f - a ring of resist corrosion (left hand)
 l - a ring of protection from fire
Scrolls
 b - 2 scrolls of identify
 c - a scroll of immolation {unknown}
 d - a scroll of blinking {unknown}
 j - a scroll of enchant armour {unknown}
Potions
 a - a potion of curing {unknown}
 e - a potion of cancellation {unknown}
 g - a potion of might {unknown}
 h - a potion of magic {unknown}

Dungeon Overview and Level Annotations

Branches:
Dungeon (3/15)

Altars:
The Shining One

Shops:
D:2 [

Annotations:
D:3 Ijyb


Message History

Ijyb is nearby!
Enter note:
Enter note:
Enter note:
Enter note:
Enter note:
Enter note: You shoot an arrow.
The arrow misses Ijyb.
You shoot an arrow. The arrow hits Ijyb but does no damage.
Ijyb is moderately wounded.
You shoot an arrow. The arrow barely misses Ijyb.
Ijyb hits you with a +0 club.
You shoot an arrow. The arrow closely misses Ijyb.
Ijyb zaps a wand.
The bolt of light misses you.
You shoot an arrow. The arrow hits Ijyb but does no damage.
Ijyb is moderately wounded.
Ijyb hits you with a +0 club.
You shoot an arrow. The arrow hits Ijyb but does no damage.
Ijyb is moderately wounded.
Ijyb hits you with a +0 club.
You shoot an arrow. The arrow hits Ijyb but does no damage.
Ijyb is moderately wounded.
Ijyb zaps a wand.
The bolt of light misses you.
You shoot an arrow. The arrow barely misses Ijyb.
Ijyb zaps a wand.
The bolt of light hits you!
Ouch! That really hurt!
You shoot an arrow. The arrow hits Ijyb but does no damage.
Ijyb is moderately wounded.
Ijyb hits you but does no damage.
Ijyb zaps a wand.
The bolt of light hits you.
You shoot an arrow. The arrow hits Ijyb but does no damage.
Ijyb is moderately wounded.
Ijyb hits you but does no damage.
You shoot an arrow. The arrow barely misses Ijyb.
Ijyb hits you with a +0 club.
You shoot an arrow. The arrow hits Ijyb.
The arrow burns Ijyb.
Ijyb is moderately wounded.
Ijyb misses you.
You shoot an arrow. The arrow misses Ijyb.
Ijyb zaps a wand.
The bolt of light hits you.
You die...

#.# #...........#
#.###...........#
#..##...........#
##..#...........###
##.#....##........
#.#....###.......
#................
###.>............
##.....@g......
#########.#.######....
#...........# ...
#...........#
#...........#
#.....#######
###.)...# #..<#####
#.###


You could see Ijyb.

Vanquished Creatures
  A sleepcap (D:3)
  A worm (D:2)
  A dart slug (D:1)
  3 orcs
  3 bats
  2 endoplasms
  2 giant cockroaches (D:1)
  A goblin (D:3)
  7 hobgoblins
  2 jackals (D:3)
  4 kobolds
  4 quokkas
  4 ball pythons
  A frilled lizard (D:3)
  3 rats
39 creatures vanquished.

Notes
Turn   | Place    | Note
-------+----------+-------------------------------------------
     0 | D:1      | qw the Deep Elf Hunter began the quest for the Orb.
     0 | D:1      | Reached XP level 1. HP: 12/12 MP: 3/3
     0 | D:1      | 0 ||| qw: Version: 0.3-a-9-g12657ce
     0 | D:1      | 0 ||| qw: Game counter: 2533
     0 | D:1      | 0 ||| qw: Always use a shield: true
     0 | D:1      | 0 ||| qw: God list: Okawaru
     0 | D:1      | 0 ||| qw: Allow faded altars: false
     0 | D:1      | 0 ||| qw: Do Orc after D:15 true
     0 | D:1      | 0 ||| qw: Do second Lair branch before Depths: true
     0 | D:1      | 0 ||| qw: Lair rune preference: random
     0 | D:1      | 0 ||| qw: Plans: Normal
     0 | D:1      | 0 ||| PLANNING D:1-11
   129 | D:1      | Reached XP level 2. HP: 16/16 MP: 4/4
   132 | D:1      | Reached skill level 6 in Ranged Weapons
   179 | D:1      | Found a faded altar of an unknown god.
   507 | D:1      | 507 ||| FLEEEEING.
   831 | D:1      | 831 ||| UPGRADING to +0 scale mail.
   841 | D:1      | 841 ||| DROPPING +0 leather armour.
   842 | D:1      | 842 ||| DROPPING scarf of shadows.
   843 | D:1      | 843 ||| UPGRADING to +0 helmet.
   848 | D:1      | 848 ||| READING scroll labelled TOS UBBARHESI.
   849 | D:1      | 849 ||| DROPPING scroll of butterflies.
   933 | D:2      | Reached XP level 3. HP: 20/20 MP: 5/5
  1264 | D:2      | Found Uhud's Antique Armour Shoppe.
  1270 | D:2      | 1270 ||| SHOPLISTING glowing scale mail (161 gold, have
                  | 141).
  1270 | D:2      | 1270 ||| BUYING ring mail (92 gold).
  1270 | D:2      | Bought a ring mail for 92 gold pieces
  1284 | D:2      | 1284 ||| UPGRADING to +0 ring mail.
  1294 | D:2      | 1294 ||| DROPPING +0 scale mail.
  1295 | D:2      | 1295 ||| UPGRADING to ring of resist corrosion.
  1296 | D:2      | 1296 ||| READING scroll labelled XAG TU EZAGGE.
  1297 | D:2      | 1297 ||| DRINKING 2 emerald potions.
  1298 | D:2      | 1298 ||| DROPPING potion of invisibility.
  1372 | D:3      | Reached skill level 7 in Ranged Weapons
  1401 | D:3      | Found a glowing golden altar of the Shining One.
  1415 | D:3      | Reached XP level 4. HP: 25/25 MP: 6/6
  1556 | D:3      | Noticed Ijyb
  1567 | D:3      | HP: 1/25 [Ijyb/bolt of light (6)]
  1571 | D:3      | Killed from afar by Ijyb

Levels and vault maps discovered:
D:1:      lightli_arrival_statuegarden, layout_basic,
          shapermc_ecumenical_altar_ellora
D:2:      layout_basic, serial_shops, shop, roderic_roman_lattice
D:3:      layout_basic, mainiacjoe_overflow_catwalk, minmay_vboxes, uniq_ijyb

Skill      XL: |  1  2  3 |
---------------+----------+-----
Ranged Weapons | 6 7 |  7.6
Fighting       | |  1.5
Dodging        | |  2.4
Stealth        | |  1.2

Action                     |  1- 3 |  4- 6 || total
---------------------------+-------+-------++-------
   Fire: Shortbow          |    87 |    22 ||   109
    Use: Scroll            |     2 |       ||     2
         Potion            |     1 |       ||     1
 Armour: Leather armour    |     1 |       ||     1
         Scale mail        |     2 |       ||     2
         Ring mail         |       |     2 ||     2
  Dodge: Dodged            |    12 |     3 ||    15

Table legend:
 A = Non-vault XP
 B = Vault XP
 C = Vault XP percentage of total XP
 D = Non-vault monster count
 E = Vault monster count
 F = Vault count percentage of total count
                 A         B        C        D         E       F
            +---------+---------+-------+---------+---------+-------
      Total |     116 |       0 |   0.0 |      39 |       0 |   0.0
            +---------+---------+-------+---------+---------+-------
        D:1 |      35 |       0 |   0.0 |      18 |       0 |   0.0
        D:2 |      17 |       0 |   0.0 |       7 |       0 |   0.0
        D:3 |      64 |       0 |   0.0 |      14 |       0 |   0.0
            +---------+---------+-------+---------+---------+-------
